Devils vs Islanders

Created - November 5, 2023 at 21:26

Goals
1 2 3 T
Devils 2 0 3 5
Islanders 0 1 0 1
Shots
1 2 3 T
Devils 9 7 12 28
Islanders 10 7 6 23

GoalsPenalties
1st period
1. Devils , Mathieu Joseph 2 (Urho Vaakanainen 3, Mike Hoffman 2) at 13:40
2. Devils , Matt Boldy 4 (Evgeni Malkin 5, Dougie Hamilton 6) at 18:03
No Penalty
2nd period
3. Islanders , Mason Marchment 3 (Shayne Gostisbehere 3, Igor Shesterkin) at 14:16
Mikhail Sergachev (NJD) for Charging (Minor) at 0:30
3rd period
4. Devils , Chris Kreider 6 (Sam Reinhart 8, Mikhail Sergachev 4) at 3:28
5. Devils , Dougie Hamilton 2 (Evgeni Malkin 6, Mikhail Sergachev 5) at 13:34 (PP)
6. Devils , Chris Kreider 7 (Sam Reinhart 9, Travis Konecny 7) at 14:11
Justin Holl (NYI) for Checking from behind (Minor) at 12:54
Nino Niederreiter (NJD) for High sticking (Minor) at 19:11
Goalie Stats
Filip Gustavsson (NJD), 22 saves from 23 shots - (0.957), W, 4-0-0, 60:00 minutes
Igor Shesterkin (NYI), 23 saves from 28 shots - (0.821), L, 5-5-2, 60:00 minutes
3 StarsOfficial
1 - Chris Kreider (NJD)
2 - Dougie Hamilton (NJD)
3 - Sam Reinhart (NJD)
Referees : Kenny Anderson and Dave Lewis
Linesman : Shaun Morgan and Ryan Galloway
Game Note
No Game Note
Finance
Level 1 -- Attendance: 5935 (98.92%) -- Ticket Income $712,200
Level 2 -- Attendance: 3450 (69.00%) -- Ticket Income $345,000
Level 3 -- Attendance: 2000 (100.00%) -- Ticket Income $180,000
Level 4 -- Attendance: 1578 (87.91%) -- Ticket Income $102,570
Luxury Box -- Attendance: 1000 (100.00%) -- Ticket Income $225,000
Game was played at the Barclays Center.
Total Attendance: 13963 (88.40%)
Total Ticket Income: $1,564,770
Other Income: $391,192
Total Income: $1,955,962



Team Name Goals Shots Shots Attemp Shots Blocked PIM HIT PP PK FO%
Devils 5287344191 / 1 (100%)058%
Islanders 1234182270 / 2 (0%)142%

Devils
Player Name POS G A P +/- PIM HIT SHT SB MP PP MP PP SHT PK MP PK SHT FO% FOT
Chris KreiderLW2022035118:380:0000:00050% 2
Damon SeversonD0000020119:340:0001:3500% 0
Dominik KubalikLW000001103:510:0000:0000% 0
Dougie HamiltonD1121062022:280:4011:1200% 0
Dylan CozensC0000002019:110:0002:13056% 18
Erik GustafssonD0000001219:340:0001:3500% 0
Evgeni MalkinC0221000017:460:4000:00052% 25
Justin SchultzD0002001019:100:0001:1200% 0
Kyle OkposoRW000000006:040:0002:1300% 0
Mathieu JosephRW1010012017:320:0000:34050% 4
Matt BoldyLW1011001017:460:4000:000100% 1
Mike HoffmanLW0110003016:580:0000:0000% 0
Mikhail SergachevD0221232021:150:4000:0000% 0
Nicklas BackstromC000000104:250:0000:34050% 8
Nino NiederreiterRW0001203017:450:4000:0000% 0
Sam ReinhartC0222013018:380:0000:00065% 17
Travis KonecnyRW0112011018:380:0000:000100% 3
Urho VaakanainenD0112010017:580:0000:0000% 0
Islanders
Player Name POS G A P +/- PIM HIT SHT SB MP PP MP PP SHT PK MP PK SHT FO% FOT
Barrett HaytonC000001006:270:0000:00025% 8
Brad MarchandLW000-2043021:431:4300:0000% 1
Brent BurnsD000-1031123:351:0400:3000% 0
Chandler StephensonC000-2003020:021:0400:00063% 27
Connor McDavidC000-2015021:431:4300:00029% 21
Jake GuentzelLW000-2010021:431:4300:0000% 1
Jean-Gabriel PageauC0001010011:480:0000:40046% 13
Justin HollD000-1220113:210:0000:0000% 0
Kevin RooneyC000000006:270:0000:0000% 0
Kyle PalmieriC0001001011:080:0000:0000% 1
Mason MarchmentLW1011003012:121:0400:0000% 1
Michael BuntingLW000-2030018:580:0000:0000% 1
Neal PionkD000-1040223:031:4300:1000% 0
Pavel BuchnevichLW000-2016020:021:0400:00050% 4
Ryan GravesD000-1000217:550:0000:0000% 0
Shayne GostisbehereD011-1010018:301:4300:1000% 0
Shea TheodoreD000-1021223:351:0410:3000% 0
Tanner JeannotLW000003007:070:0000:4000% 0



Play-by-Play

1st period


0:01 of 1st period - Connor McDavid wins face-off versus Sam Reinhart in neutral zone.
0:01 of 1st period - Connor McDavid is hit by Sam Reinhart.
0:16 of 1st period - Icing by Mikhail Sergachev.
0:17 of 1st period - Travis Konecny wins face-off versus Michael Bunting in Devils zone.
0:31 of 1st period - Icing by Neal Pionk.
0:32 of 1st period - Chandler Stephenson wins face-off versus Evgeni Malkin in Islanders zone.
0:43 of 1st period - Shot by Pavel Buchnevich.
0:43 of 1st period - Stopped by Filip Gustavsson without a rebound.
0:44 of 1st period - Dylan Cozens wins face-off versus Mason Marchment in Devils zone.
1:01 of 1st period - Shot by Dylan Cozens.
1:01 of 1st period - Shot Blocked by Justin Holl.
1:21 of 1st period - Shot by Dylan Cozens.
1:21 of 1st period - Stopped by Igor Shesterkin without a rebound.
1:22 of 1st period - Connor McDavid wins face-off versus Evgeni Malkin in Islanders zone.
1:37 of 1st period - Shot by Connor McDavid.
1:37 of 1st period - Stopped by Filip Gustavsson without a rebound.
1:38 of 1st period - Nicklas Backstrom wins face-off versus Barrett Hayton in Devils zone.
1:38 of 1st period - Nicklas Backstrom is hit by Tanner Jeannot.
1:41 of 1st period - Icing by Dougie Hamilton.
1:42 of 1st period - Chandler Stephenson wins face-off versus Nicklas Backstrom in Devils zone.
1:42 of 1st period - Chandler Stephenson is hit by Dougie Hamilton.
1:49 of 1st period - Icing by Mikhail Sergachev.
1:50 of 1st period - Nicklas Backstrom wins face-off versus Barrett Hayton in Devils zone.
2:45 of 1st period - Icing by Mikhail Sergachev.
2:46 of 1st period - Connor McDavid wins face-off versus Nicklas Backstrom in Devils zone.
2:56 of 1st period - Brad Marchand is hit by Dougie Hamilton and loses puck.
3:00 of 1st period - Brad Marchand is hit by Mikhail Sergachev.
3:09 of 1st period - Connor McDavid is hit by Dougie Hamilton and loses puck.
3:23 of 1st period - Brad Marchand is hit by Dougie Hamilton and loses puck.
3:57 of 1st period - Michael Bunting is hit by Damon Severson and loses puck.
4:09 of 1st period - Off-side.
4:10 of 1st period - Jean-Gabriel Pageau wins face-off versus Sam Reinhart in neutral zone.
4:10 of 1st period - Jean-Gabriel Pageau is hit by Chris Kreider.
5:30 of 1st period - Off-side.
5:31 of 1st period - Chandler Stephenson wins face-off versus Evgeni Malkin in neutral zone.
5:33 of 1st period - Off-side.
5:34 of 1st period - Evgeni Malkin wins face-off versus Chandler Stephenson in neutral zone.
5:37 of 1st period - Shot by Matt Boldy.
5:37 of 1st period - Shot Misses the Net.
5:42 of 1st period - Icing by Pavel Buchnevich.
5:43 of 1st period - Dylan Cozens wins face-off versus Pavel Buchnevich in Islanders zone.
6:15 of 1st period - Shot by Pavel Buchnevich.
6:15 of 1st period - Shot Misses the Net.
6:21 of 1st period - Shot by Pavel Buchnevich.
6:21 of 1st period - Stopped by Filip Gustavsson with a rebound.
6:52 of 1st period - Connor McDavid is hit by Damon Severson and loses puck.
7:09 of 1st period - Shot by Nino Niederreiter.
7:09 of 1st period - Stopped by Igor Shesterkin without a rebound.
7:10 of 1st period - Sam Reinhart wins face-off versus Barrett Hayton in Islanders zone.
7:24 of 1st period - Neal Pionk is hit by Chris Kreider and loses puck.
8:25 of 1st period - Shot by Chandler Stephenson.
8:25 of 1st period - Stopped by Filip Gustavsson without a rebound.
8:26 of 1st period - Mathieu Joseph wins face-off versus Jake Guentzel in Devils zone.
8:26 of 1st period - Dougie Hamilton is hit by Brad Marchand and loses puck.
8:42 of 1st period - Shot by Connor McDavid.
8:42 of 1st period - Stopped by Filip Gustavsson without a rebound.
8:43 of 1st period - Evgeni Malkin wins face-off versus Chandler Stephenson in Devils zone.
8:56 of 1st period - Shot by Evgeni Malkin.
8:56 of 1st period - Shot Misses the Net.
9:04 of 1st period - Shot by Nino Niederreiter.
9:04 of 1st period - Shot Misses the Net.
9:10 of 1st period - Shot by Erik Gustafsson.
9:10 of 1st period - Stopped by Igor Shesterkin without a rebound.
9:11 of 1st period - Sam Reinhart wins face-off versus Connor McDavid in Islanders zone.
9:22 of 1st period - Shot by Chris Kreider.
9:22 of 1st period - Shot Misses the Net.
10:48 of 1st period - Justin Schultz is hit by Michael Bunting and loses puck.
10:55 of 1st period - Shot by Pavel Buchnevich.
10:55 of 1st period - Shot Misses the Net.
10:57 of 1st period - Shot by Pavel Buchnevich.
10:57 of 1st period - Stopped by Filip Gustavsson with a rebound.
10:59 of 1st period - Shot by Shea Theodore.
10:59 of 1st period - Shot Misses the Net.
11:01 of 1st period - Shot by Michael Bunting.
11:01 of 1st period - Shot Misses the Net.
11:50 of 1st period - Icing by Damon Severson.
11:51 of 1st period - Matt Boldy wins face-off versus Barrett Hayton in Devils zone.
11:51 of 1st period - Matt Boldy is hit by Barrett Hayton.
12:01 of 1st period - Shot by Nino Niederreiter.
12:01 of 1st period - Shot Hit the Post.
12:03 of 1st period - Shot by Nino Niederreiter.
12:03 of 1st period - Shot Misses the Net.
12:16 of 1st period - Icing by Kevin Rooney.
12:17 of 1st period - Sam Reinhart wins face-off versus Barrett Hayton in Islanders zone.
12:29 of 1st period - Sam Reinhart is hit by Justin Holl and loses puck.
12:34 of 1st period - Shot by Travis Konecny.
12:34 of 1st period - Shot Misses the Net.
13:05 of 1st period - Icing by Tanner Jeannot.
13:06 of 1st period - Barrett Hayton wins face-off versus Mathieu Joseph in Islanders zone.
13:22 of 1st period - Justin Schultz is hit by Neal Pionk.
13:38 of 1st period - Shot by Mathieu Joseph.
13:38 of 1st period - Shot Blocked by Neal Pionk.
13:40 of 1st period - Shot by Mathieu Joseph.
13:40 of 1st period - Goal by Mathieu Joseph - Devils : 1 - Islanders : 0.
13:41 of 1st period - Pavel Buchnevich wins face-off versus Evgeni Malkin in neutral zone.
13:54 of 1st period - Shot by Pavel Buchnevich.
13:54 of 1st period - Shot Blocked by Erik Gustafsson.
13:56 of 1st period - Shot by Chandler Stephenson.
13:56 of 1st period - Deflect By Pavel Buchnevich.
13:56 of 1st period - Stopped by Filip Gustavsson without a rebound.
13:57 of 1st period - Sam Reinhart wins face-off versus Connor McDavid in Devils zone.
13:57 of 1st period - Mikhail Sergachev is hit by Brad Marchand.
14:18 of 1st period - Icing by Sam Reinhart.
14:19 of 1st period - Chandler Stephenson wins face-off versus Sam Reinhart in Devils zone.
14:30 of 1st period - Shot by Pavel Buchnevich.
14:30 of 1st period - Stopped by Filip Gustavsson without a rebound.
14:31 of 1st period - Evgeni Malkin wins face-off versus Connor McDavid in Devils zone.
14:31 of 1st period - Evgeni Malkin is hit by Brad Marchand.
15:12 of 1st period - Evgeni Malkin is hit by Shayne Gostisbehere and loses puck.
15:52 of 1st period - Shot by Mike Hoffman.
15:52 of 1st period - Stopped by Igor Shesterkin with a rebound.
15:54 of 1st period - Shot by Dylan Cozens.
15:54 of 1st period - Shot Misses the Net.
16:32 of 1st period - Off-side.
16:33 of 1st period - Jean-Gabriel Pageau wins face-off versus Nicklas Backstrom in neutral zone.
16:44 of 1st period - Shot by Jean-Gabriel Pageau.
16:44 of 1st period - Deflect By Kyle Palmieri.
16:44 of 1st period - Shot Misses the Net.
17:04 of 1st period - Shot by Nicklas Backstrom.
17:04 of 1st period - Stopped by Igor Shesterkin with a rebound.
17:06 of 1st period - Shot by Damon Severson.
17:06 of 1st period - Shot Misses the Net.
17:08 of 1st period - Shot by Dominik Kubalik.
17:08 of 1st period - Stopped by Igor Shesterkin without a rebound.
17:09 of 1st period - Evgeni Malkin wins face-off versus Pavel Buchnevich in Islanders zone.
17:12 of 1st period - Shot by Nino Niederreiter.
17:12 of 1st period - Stopped by Igor Shesterkin without a rebound.
17:13 of 1st period - Chandler Stephenson wins face-off versus Evgeni Malkin in Islanders zone.
17:15 of 1st period - Icing by Brent Burns.
17:16 of 1st period - Chandler Stephenson wins face-off versus Evgeni Malkin in Islanders zone.
17:18 of 1st period - Icing by Shea Theodore.
17:19 of 1st period - Evgeni Malkin wins face-off versus Chandler Stephenson in Islanders zone.
17:31 of 1st period - Shot by Pavel Buchnevich.
17:31 of 1st period - Stopped by Filip Gustavsson without a rebound.
17:32 of 1st period - Jean-Gabriel Pageau wins face-off versus Dylan Cozens in Devils zone.
17:39 of 1st period - Shot by Mason Marchment.
17:39 of 1st period - Stopped by Filip Gustavsson without a rebound.
17:40 of 1st period - Evgeni Malkin wins face-off versus Chandler Stephenson in Devils zone.
17:53 of 1st period - Shot by Nino Niederreiter.
17:53 of 1st period - Shot Misses the Net.
18:01 of 1st period - Shot by Evgeni Malkin.
18:01 of 1st period - Shot Blocked by Brent Burns.
18:03 of 1st period - Shot by Matt Boldy.
18:03 of 1st period - Goal by Matt Boldy - Devils : 2 - Islanders : 0.
18:04 of 1st period - Sam Reinhart wins face-off versus Jean-Gabriel Pageau in neutral zone.
18:08 of 1st period - Icing by Neal Pionk.
18:09 of 1st period - Dylan Cozens wins face-off versus Jean-Gabriel Pageau in Islanders zone.
18:09 of 1st period - Mike Hoffman is hit by Neal Pionk and loses puck.
18:43 of 1st period - Urho Vaakanainen is hit by Jean-Gabriel Pageau.
18:47 of 1st period - Shot by Justin Schultz.
18:47 of 1st period - Shot Misses the Net.
18:49 of 1st period - Shot by Urho Vaakanainen.
18:49 of 1st period - Shot Misses the Net.
18:51 of 1st period - Shot by Mathieu Joseph.
18:51 of 1st period - Shot Misses the Net.
18:53 of 1st period - Shot by Mathieu Joseph.
18:53 of 1st period - Shot Blocked by Ryan Graves.
19:19 of 1st period - Damon Severson is hit by Pavel Buchnevich and loses puck.
19:28 of 1st period - Shot by Pavel Buchnevich.
19:28 of 1st period - Shot Misses the Net.
19:30 of 1st period - Shot by Shea Theodore.
19:30 of 1st period - Shot Blocked by Erik Gustafsson.
19:59 of 1st period - Icing by Chris Kreider.
Goals for this period are 2 for Devils vs 0 for Islanders.
Shots for this period are 9 for Devils vs 10 for Islanders.

2nd period


0:01 of 2nd period - Chandler Stephenson wins face-off versus Evgeni Malkin in neutral zone.
0:29 of 2nd period - Michael Bunting is hit by Dougie Hamilton and loses puck.
0:30 of 2nd period - Minor Penalty to Mikhail Sergachev for Charging.
0:31 of 2nd period - Dylan Cozens wins face-off versus Connor McDavid in Devils zone.
1:52 of 2nd period - Icing by Shea Theodore.
1:53 of 2nd period - Chandler Stephenson wins face-off versus Dylan Cozens in Islanders zone.
3:42 of 2nd period - Shot by Travis Konecny.
3:42 of 2nd period - Shot Misses the Net.
3:44 of 2nd period - Shot by Damon Severson.
3:44 of 2nd period - Shot Misses the Net.
3:57 of 2nd period - Off-side.
3:58 of 2nd period - Chandler Stephenson wins face-off versus Mathieu Joseph in neutral zone.
4:59 of 2nd period - Off-side.
5:00 of 2nd period - Connor McDavid wins face-off versus Evgeni Malkin in neutral zone.
5:25 of 2nd period - Shot by Connor McDavid.
5:25 of 2nd period - Stopped by Filip Gustavsson without a rebound.
5:26 of 2nd period - Jean-Gabriel Pageau wins face-off versus Sam Reinhart in Devils zone.
5:37 of 2nd period - Shot by Chris Kreider.
5:37 of 2nd period - Deflect By Sam Reinhart.
5:37 of 2nd period - Shot Misses the Net.
6:31 of 2nd period - Shot by Dylan Cozens.
6:31 of 2nd period - Stopped by Igor Shesterkin with a rebound.
6:33 of 2nd period - Shot by Mathieu Joseph.
6:33 of 2nd period - Shot Misses the Net.
6:35 of 2nd period - Shot by Dougie Hamilton.
6:35 of 2nd period - Shot Misses the Net.
6:45 of 2nd period - Shot by Mike Hoffman.
6:45 of 2nd period - Shot Blocked by Ryan Graves.
6:47 of 2nd period - Shot by Mikhail Sergachev.
6:47 of 2nd period - Stopped by Igor Shesterkin without a rebound.
6:48 of 2nd period - Evgeni Malkin wins face-off versus Connor McDavid in Islanders zone.
7:17 of 2nd period - Shot by Connor McDavid.
7:17 of 2nd period - Stopped by Filip Gustavsson without a rebound.
7:18 of 2nd period - Dylan Cozens wins face-off versus Chandler Stephenson in Devils zone.
7:35 of 2nd period - Shot by Chandler Stephenson.
7:35 of 2nd period - Stopped by Filip Gustavsson with a rebound.
8:39 of 2nd period - Shot by Jake Guentzel.
8:39 of 2nd period - Shot Misses the Net.
8:41 of 2nd period - Shot by Brent Burns.
8:41 of 2nd period - Stopped by Filip Gustavsson without a rebound.
8:42 of 2nd period - Travis Konecny wins face-off versus Jean-Gabriel Pageau in Devils zone.
8:51 of 2nd period - Shot by Chris Kreider.
8:51 of 2nd period - Stopped by Igor Shesterkin with a rebound.
9:02 of 2nd period - Shot by Kyle Palmieri.
9:02 of 2nd period - Stopped by Filip Gustavsson without a rebound.
9:03 of 2nd period - Evgeni Malkin wins face-off versus Barrett Hayton in Devils zone.
9:03 of 2nd period - Evgeni Malkin is hit by Tanner Jeannot.
9:08 of 2nd period - Erik Gustafsson is hit by Tanner Jeannot and loses puck.
9:24 of 2nd period - Nino Niederreiter is hit by Brent Burns and loses puck.
10:05 of 2nd period - Shot by Travis Konecny.
10:05 of 2nd period - Shot Misses the Net.
10:37 of 2nd period - Shot by Jake Guentzel.
10:37 of 2nd period - Shot Blocked by Chris Kreider.
10:39 of 2nd period - Shot by Neal Pionk.
10:39 of 2nd period - Shot Misses the Net.
10:41 of 2nd period - Shot by Brad Marchand.
10:41 of 2nd period - Stopped by Filip Gustavsson without a rebound.
10:42 of 2nd period - Dylan Cozens wins face-off versus Chandler Stephenson in Devils zone.
10:53 of 2nd period - Mikhail Sergachev is hit by Michael Bunting and loses puck.
12:27 of 2nd period - Shot by Chris Kreider.
12:27 of 2nd period - Deflect By Sam Reinhart.
12:27 of 2nd period - Shot Misses the Net.
12:56 of 2nd period - Brent Burns is hit by Chris Kreider and loses puck.
13:13 of 2nd period - Shot by Connor McDavid.
13:13 of 2nd period - Shot Misses the Net.
13:45 of 2nd period - Shayne Gostisbehere is hit by Travis Konecny and loses puck.
14:16 of 2nd period - Shot by Mason Marchment.
14:16 of 2nd period - Goal by Mason Marchment - Devils : 2 - Islanders : 1.
14:17 of 2nd period - Barrett Hayton wins face-off versus Evgeni Malkin in neutral zone.
14:44 of 2nd period - Shot by Matt Boldy.
14:44 of 2nd period - Shot Misses the Net.
14:48 of 2nd period - Shot by Matt Boldy.
14:48 of 2nd period - Shot Hit the Post.
14:50 of 2nd period - Shot by Dougie Hamilton.
14:50 of 2nd period - Shot Misses the Net.
14:52 of 2nd period - Shot by Mikhail Sergachev.
14:52 of 2nd period - Stopped by Igor Shesterkin without a rebound.
14:53 of 2nd period - Connor McDavid wins face-off versus Dylan Cozens in Islanders zone.
15:10 of 2nd period - Icing by Connor McDavid.
15:11 of 2nd period - Nicklas Backstrom wins face-off versus Brad Marchand in Islanders zone.
15:30 of 2nd period - Icing by Dougie Hamilton.
15:31 of 2nd period - Nicklas Backstrom wins face-off versus Jean-Gabriel Pageau in Devils zone.
15:38 of 2nd period - Shot by Dougie Hamilton.
15:38 of 2nd period - Stopped by Igor Shesterkin without a rebound.
15:39 of 2nd period - Dylan Cozens wins face-off versus Chandler Stephenson in Islanders zone.
15:48 of 2nd period - Shot by Mike Hoffman.
15:48 of 2nd period - Stopped by Igor Shesterkin without a rebound.
15:49 of 2nd period - Evgeni Malkin wins face-off versus Connor McDavid in Islanders zone.
15:50 of 2nd period - Shot by Mikhail Sergachev.
15:50 of 2nd period - Shot Blocked by Shea Theodore.
15:52 of 2nd period - Shot by Matt Boldy.
15:52 of 2nd period - Shot Misses the Net.
15:54 of 2nd period - Shot by Dougie Hamilton.
15:54 of 2nd period - Shot Misses the Net.
17:00 of 2nd period - Shot by Mathieu Joseph.
17:00 of 2nd period - Stopped by Igor Shesterkin without a rebound.
17:01 of 2nd period - Chris Kreider wins face-off versus Kyle Palmieri in Islanders zone.
17:07 of 2nd period - Off-side.
17:08 of 2nd period - Chandler Stephenson wins face-off versus Dylan Cozens in neutral zone.
17:50 of 2nd period - Shot by Pavel Buchnevich.
17:50 of 2nd period - Shot Blocked by Damon Severson.
18:29 of 2nd period - Shot by Jake Guentzel.
18:29 of 2nd period - Shot Misses the Net.
Goals for this period are 0 for Devils vs 1 for Islanders.
Shots for this period are 7 for Devils vs 7 for Islanders.

3rd period


0:01 of 3rd period - Evgeni Malkin wins face-off versus Connor McDavid in neutral zone.
0:32 of 3rd period - Shot by Evgeni Malkin.
0:32 of 3rd period - Shot Misses the Net.
1:35 of 3rd period - Pavel Buchnevich is hit by Mikhail Sergachev and loses puck.
1:48 of 3rd period - Shot by Travis Konecny.
1:48 of 3rd period - Stopped by Igor Shesterkin without a rebound.
1:49 of 3rd period - Jean-Gabriel Pageau wins face-off versus Dylan Cozens in Islanders zone.
2:08 of 3rd period - Icing by Erik Gustafsson.
2:09 of 3rd period - Dylan Cozens wins face-off versus Connor McDavid in Devils zone.
2:32 of 3rd period - Shot by Erik Gustafsson.
2:32 of 3rd period - Shot Misses the Net.
3:28 of 3rd period - Shot by Chris Kreider.
3:28 of 3rd period - Goal by Chris Kreider - Devils : 3 - Islanders : 1.
3:29 of 3rd period - Evgeni Malkin wins face-off versus Jean-Gabriel Pageau in neutral zone.
3:40 of 3rd period - Shot by Matt Boldy.
3:40 of 3rd period - Shot Hit the Post.
3:42 of 3rd period - Shot by Evgeni Malkin.
3:42 of 3rd period - Shot Misses the Net.
3:46 of 3rd period - Shot by Matt Boldy.
3:46 of 3rd period - Shot Misses the Net.
4:08 of 3rd period - Shot by Justin Schultz.
4:08 of 3rd period - Stopped by Igor Shesterkin without a rebound.
4:09 of 3rd period - Sam Reinhart wins face-off versus Chandler Stephenson in Islanders zone.
4:16 of 3rd period - Shot by Sam Reinhart.
4:16 of 3rd period - Stopped by Igor Shesterkin without a rebound.
4:17 of 3rd period - Sam Reinhart wins face-off versus Chandler Stephenson in Islanders zone.
4:18 of 3rd period - Shot by Travis Konecny.
4:18 of 3rd period - Shot Misses the Net.
4:36 of 3rd period - Shot by Travis Konecny.
4:36 of 3rd period - Deflect By Chris Kreider.
4:36 of 3rd period - Stopped by Igor Shesterkin without a rebound.
4:37 of 3rd period - Dylan Cozens wins face-off versus Connor McDavid in Islanders zone.
4:37 of 3rd period - Erik Gustafsson is hit by Shea Theodore and loses puck.
4:57 of 3rd period - Icing by Shea Theodore.
4:58 of 3rd period - Sam Reinhart wins face-off versus Connor McDavid in Islanders zone.
4:58 of 3rd period - Chris Kreider is hit by Brent Burns.
5:05 of 3rd period - Sam Reinhart is hit by Brent Burns and loses puck.
5:08 of 3rd period - Shot by Chris Kreider.
5:08 of 3rd period - Shot Hit the Post.
5:14 of 3rd period - Shot by Sam Reinhart.
5:14 of 3rd period - Stopped by Igor Shesterkin without a rebound.
5:15 of 3rd period - Chandler Stephenson wins face-off versus Evgeni Malkin in Islanders zone.
5:49 of 3rd period - Icing by Matt Boldy.
5:50 of 3rd period - Evgeni Malkin wins face-off versus Connor McDavid in Devils zone.
5:50 of 3rd period - Evgeni Malkin is hit by Connor McDavid.
6:25 of 3rd period - Shot by Brad Marchand.
6:25 of 3rd period - Stopped by Filip Gustavsson without a rebound.
6:26 of 3rd period - Chandler Stephenson wins face-off versus Dylan Cozens in Devils zone.
6:36 of 3rd period - Off-side.
6:37 of 3rd period - Sam Reinhart wins face-off versus Jean-Gabriel Pageau in neutral zone.
6:48 of 3rd period - Icing by Dougie Hamilton.
6:49 of 3rd period - Chandler Stephenson wins face-off versus Sam Reinhart in Devils zone.
7:02 of 3rd period - Icing by Pavel Buchnevich.
7:03 of 3rd period - Mathieu Joseph wins face-off versus Chandler Stephenson in Islanders zone.
7:20 of 3rd period - Shot by Mike Hoffman.
7:20 of 3rd period - Stopped by Igor Shesterkin without a rebound.
7:21 of 3rd period - Sam Reinhart wins face-off versus Connor McDavid in Islanders zone.
8:04 of 3rd period - Jake Guentzel is hit by Mikhail Sergachev and loses puck.
8:33 of 3rd period - Shot by Chandler Stephenson.
8:33 of 3rd period - Deflect By Pavel Buchnevich.
8:33 of 3rd period - Shot Misses the Net.
9:40 of 3rd period - Shot by Evgeni Malkin.
9:40 of 3rd period - Shot Misses the Net.
9:42 of 3rd period - Shot by Evgeni Malkin.
9:42 of 3rd period - Shot Misses the Net.
9:44 of 3rd period - Shot by Nino Niederreiter.
9:44 of 3rd period - Stopped by Igor Shesterkin with a rebound.
9:50 of 3rd period - Shot by Evgeni Malkin.
9:50 of 3rd period - Shot Blocked by Shea Theodore.
9:59 of 3rd period - Nino Niederreiter is hit by Shea Theodore and loses puck.
10:30 of 3rd period - Dougie Hamilton is hit by Jake Guentzel and loses puck.
10:35 of 3rd period - Shot by Connor McDavid.
10:35 of 3rd period - Stopped by Filip Gustavsson without a rebound.
10:36 of 3rd period - Travis Konecny wins face-off versus Jean-Gabriel Pageau in Devils zone.
11:03 of 3rd period - Jean-Gabriel Pageau is hit by Urho Vaakanainen and loses puck.
11:35 of 3rd period - Travis Konecny is hit by Brad Marchand and loses puck.
11:39 of 3rd period - Urho Vaakanainen is hit by Neal Pionk and loses puck.
11:58 of 3rd period - Shot by Connor McDavid.
11:58 of 3rd period - Shot Misses the Net.
12:04 of 3rd period - Shayne Gostisbehere is hit by Mathieu Joseph and loses puck.
12:54 of 3rd period - Minor Penalty to Justin Holl for Checking from behind.
12:55 of 3rd period - Jean-Gabriel Pageau wins face-off versus Evgeni Malkin in Islanders zone.
13:30 of 3rd period - Shot by Mikhail Sergachev.
13:30 of 3rd period - Shot Blocked by Neal Pionk.
13:32 of 3rd period - Shot by Evgeni Malkin.
13:32 of 3rd period - Shot Misses the Net.
13:34 of 3rd period - Shot by Dougie Hamilton.
13:34 of 3rd period - Goal by Dougie Hamilton - Devils : 4 - Islanders : 1.
13:35 of 3rd period - Pavel Buchnevich wins face-off versus Sam Reinhart in neutral zone.
13:38 of 3rd period - Shot by Michael Bunting.
13:38 of 3rd period - Deflect By Chandler Stephenson.
13:38 of 3rd period - Shot Misses the Net.
13:47 of 3rd period - Icing by Chris Kreider.
13:48 of 3rd period - Sam Reinhart wins face-off versus Connor McDavid in Devils zone.
14:07 of 3rd period - Shot by Travis Konecny.
14:07 of 3rd period - Shot Misses the Net.
14:09 of 3rd period - Shot by Sam Reinhart.
14:09 of 3rd period - Stopped by Igor Shesterkin with a rebound.
14:11 of 3rd period - Shot by Chris Kreider.
14:11 of 3rd period - Goal by Chris Kreider - Devils : 5 - Islanders : 1.
14:12 of 3rd period - Chandler Stephenson wins face-off versus Evgeni Malkin in neutral zone.
16:11 of 3rd period - Shot by Mason Marchment.
16:11 of 3rd period - Stopped by Filip Gustavsson with a rebound.
16:48 of 3rd period - Chris Kreider is hit by Justin Holl.
17:00 of 3rd period - Shot by Chris Kreider.
17:00 of 3rd period - Shot Misses the Net.
17:08 of 3rd period - Shot by Chris Kreider.
17:08 of 3rd period - Stopped by Igor Shesterkin without a rebound.
17:09 of 3rd period - Chandler Stephenson wins face-off versus Nicklas Backstrom in Islanders zone.
17:22 of 3rd period - Shea Theodore is hit by Dominik Kubalik.
17:25 of 3rd period - Off-side.
17:26 of 3rd period - Evgeni Malkin wins face-off versus Connor McDavid in neutral zone.
17:46 of 3rd period - Shot by Brad Marchand.
17:46 of 3rd period - Stopped by Filip Gustavsson without a rebound.
17:47 of 3rd period - Chandler Stephenson wins face-off versus Chris Kreider in Devils zone.
18:14 of 3rd period - Justin Schultz is hit by Michael Bunting and loses puck.
18:21 of 3rd period - Shot by Chandler Stephenson.
18:21 of 3rd period - Stopped by Filip Gustavsson with a rebound.
18:52 of 3rd period - Brad Marchand is hit by Dougie Hamilton and loses puck.
19:06 of 3rd period - Shot by Connor McDavid.
19:06 of 3rd period - Shot Misses the Net.
19:11 of 3rd period - Minor Penalty to Nino Niederreiter for High sticking.
19:12 of 3rd period - Chandler Stephenson wins face-off versus Dylan Cozens in Devils zone.
19:13 of 3rd period - Shot by Shea Theodore.
19:13 of 3rd period - Stopped by Filip Gustavsson without a rebound.
19:14 of 3rd period - Connor McDavid wins face-off versus Dylan Cozens in Devils zone.
19:38 of 3rd period - Icing by Shayne Gostisbehere.
19:39 of 3rd period - Dylan Cozens wins face-off versus Connor McDavid in Islanders zone.
19:39 of 3rd period - Dylan Cozens is hit by Neal Pionk.
Goals for this period are 3 for Devils vs 0 for Islanders.
Shots for this period are 12 for Devils vs 6 for Islanders.